 Dungeon Crawl Stone Soup version 0.28.0 (webtiles) character file.

Game seed: 342444726811861689

108 Akaron the Digger (level 4, -1/27 HPs)
             Began as an Octopode Earth Elementalist on Feb 6, 2022.
             Killed from afar by a gnoll (7 damage)
             ... with a puff of flame
             ... on level 3 of the Dungeon.
             The game lasted 00:02:38 (2579 turns).

Akaron the Digger (Octopode Earth Elementalist)     Turns: 2579, Time: 00:02:39

Health: -1/27      AC:  1    Str:  7    XL:     4   Next: 87%
Magic:  5/8        EV: 13    Int: 19    God:
Gold:   116        SH:  0    Dex: 12    Spells: 3/9 levels left

rFire   . . .      SeeInvis .   (no weapon)
rCold   . . .      Faith    .   (no shield)
rNeg    . . .      Spirit   .   (helmet restricted)
rPois   .          Reflect  .   (no amulet)
rElec   .          Harm     .   (no ring)
rCorr   .          Rampage  .   (no ring)
Will    .....                   (no ring)
Stlth   +++.......              (no ring)
HPRegen 0.09/turn               (no ring)
MPRegen 0.11/turn               (no ring)
                                (no ring)
                                (no ring)

@: no status effects
A: almost no armour, amphibious, 8 rings, camouflage 1, gelatinous body 1,
(nimble swimmer 1), tentacles
a: no special abilities


You were on level 3 of the Dungeon.
You visited 1 branch of the dungeon, and saw 3 of its levels.

You collected 116 gold pieces.

Inventory:

Missiles
 b - 12 stones
Wands
 m - a wand of acid (10)
Scrolls
 d - 2 scrolls of fog {unknown}
 e - 3 scrolls of vulnerability {unknown}
 f - a scroll of fear {unknown}
 i - a scroll of brand weapon {unknown}
 j - a scroll of identify {unknown}
 k - a scroll of teleportation {unknown}
 l - a scroll of noise {unknown}
Potions
 a - a potion of curing {unknown}
 c - 2 potions of heal wounds {unknown}
 g - a potion of invisibility {unknown}
 h - 2 potions of haste {unknown}


   Skills:
 + Level 0.1 Fighting
 + Level 2.2 Dodging
 - Level 2.8 Stealth
 + Level 0.2 Unarmed Combat
 + Level 3.3 Spellcasting
 * Level 1.2 Conjurations
 + Level 1.1 Transmutations
 + Level 3.9 Earth Magic


You had 3 spell levels left.
You knew the following spells:

 Your Spells              Type           Power      Damage    Failure   Level
a - Sandblast             Erth           36%        2d10      3%          1
b - Passwall              Tmut/Erth      10%        N/A       8%          2
c - Stone Arrow           Conj/Erth      24%        3d8       16%         3

Your spell library contained the following spells:

 Spells                   Type           Power      Damage    Failure   Level
 Petrify                  Tmut/Erth      12%        N/A       45%         4


Dungeon Overview and Level Annotations

Branches:
Dungeon (3/15)

Altars:
Wu Jian


Innate Abilities, Weirdness & Mutations

You cannot wear most types of armour.
You are amphibious.
You can wear up to eight rings at the same time.
Your skin changes colour to match your surroundings (Stealth+).
Your rubbery body absorbs attacks. (AC +1, EV +1)
((You are camouflaged when in or above water. (Stealth+)))
You have tentacles for arms and can constrict up to eight enemies at once.


Message History

A rat is nearby!
A rat is nearby!
A rat is nearby!
The blast of sand hits the rat.
You kill the rat!
Found a stone staircase leading down.
m - a wand of acid (10)
A hobgoblin comes into view.
The blast of sand hits the hobgoblin but does no damage.
The hobgoblin shouts!
The blast of sand hits the hobgoblin.
The hobgoblin is moderately wounded.
The hobgoblin closely misses you.
The blast of sand hits the hobgoblin!
You kill the hobgoblin!
You see here a hobgoblin corpse.
There is a stone staircase leading up here.
Found a helmet.
You now have 116 gold pieces (gained 10).
A gnoll comes into view.
It is wielding a +2 flail of protection and carrying a wand of flame (24).
A gnoll is nearby!
The gnoll shouts!
A gnoll comes into view. It is wielding a +0 spear. x2
The gnoll zaps a wand.
The puff of flame hits you!
The gnoll moves out of view.
The blast of sand misses the gnoll.
The gnoll shouts!
The blast of sand hits the gnoll but does no damage.
The gnoll hits you with a +2 flail of protection.
You are too injured to fight recklessly!
Casting: Sandblast (safe; 3% risk of failure)
Confirm with . or Enter, or press ? or * to list all spells.
Aiming: Sandblast (safe; 3% risk of failure)
Press: ? - help, Shift-Dir - straight line, f/p - gnoll
Aim: a gnoll, wielding a +2 flail of protection and carrying a wand of flame (23) (82% to hit)
The blast of sand misses the gnoll.
The gnoll reads a scroll.
Wisps of shadow swirl around the gnoll.
The gnoll hits you with a +2 flail of protection!
* * * LOW HITPOINT WARNING * * *
The gnoll zaps a wand.
The puff of flame hits you!
You die...

#+# #.# #.# ##.##
..##.########...##
#...g..gg..#.....###..
####.#####@..........#
#####.####### #.# #.#
#.# #.# #.# #####
######.## #....
####### #.......#
#.###


You could see 3 gnolls.

Vanquished Creatures
  A bullfrog (D:3)
  A worm (D:2)
  2 dart slugs
  3 orcs (D:3)
  A bat (D:1)
  2 endoplasms (D:2)
  5 hobgoblins
  A jackal (D:3)
  A quokka (D:1)
  2 ball pythons
  4 goblins
  3 kobolds
  4 rats
30 creatures vanquished.

Notes
Turn   | Place    | Note
-------+----------+-------------------------------------------
     0 | D:1      | Akaron the Octopode Earth Elementalist began the quest for
                  | the Orb.
     0 | D:1      | Reached XP level 1. HP: 11/11 MP: 3/3
   170 | D:1      | Found a faded altar of an unknown god.
   621 | D:1      | Reached XP level 2. HP: 11/17 MP: 3/5
  1254 | D:2      | Found an ornate altar of the Wu Jian Council.
  1896 | D:2      | Reached XP level 3. HP: 21/21 MP: 5/7
  1971 | D:2      | Learned a level 2 spell: Passwall
  1975 | D:2      | Learned a level 3 spell: Stone Arrow
  2193 | D:3      | Noticed a bullfrog
  2196 | D:3      | Killed a bullfrog
  2197 | D:3      | Reached skill level 1 in Conjurations
  2197 | D:3      | Reached XP level 4. HP: 24/27 MP: 4/8
  2579 | D:3      | Killed from afar by a gnoll

Illustrated notes

Levels and vault maps discovered:
D:1:      dpeg_arrival_castle, layout_loops_corners,
          shapermc_ecumenical_altar_mp_highgroup
D:2:      layout_rooms, basic_altar, serial_glass, glass_columns_a,
          glass_columns_b, minmay_three_crescents
D:3:      gammafunk_wand_slinger, layout_loops_corners, uniq_sigmund

Skill      XL: |  1  2  3 |
---------------+----------+-----
Spellcasting   | 3 |  3.3
Conjurations   | 1 |  1.2
Fighting       | |  0.1
Dodging        | |  2.2
Stealth        | |  2.8
Unarmed Combat | |  0.2
Transmutations | |  1.1
Earth Magic    | |  3.9

Action                   |  1- 3 |  4- 6 || total
-------------------------+-------+-------++-------
Melee: Unarmed           |     9 |       ||     9
       Tentacles         |     4 |       ||     4
       Constrict         |     3 |       ||     3
 Cast: Sandblast         |    36 |    15 ||    51
 Stab: Sleeping          |     1 |       ||     1
Armor: Skin              |     3 |       ||     3
Dodge: Dodged            |    20 |     3 ||    23
